 Dungeon Crawl Stone Soup version 0.29-a0-551-gffc1d7fb78 (webtiles) character file.

Game seed: 17768570722863754959

118 NateTC the Skirmisher (level 5, -1/51 HPs)
             Began as a Hill Orc Fighter on June 5, 2022.
             Slain by Duvessa
             ... wielding a +2 short sword of freezing
              (2 damage)
             ... on level 4 of the Dungeon.
             The game lasted 00:04:56 (2594 turns).

NateTC the Skirmisher (Hill Orc Fighter)            Turns: 2594, Time: 00:04:57

Health: -1/51      AC:  9    Str: 21    XL:     5   Next: 2%
Magic:  1/1        EV:  7    Int:  8    God:
Gold:   121        SH:  4    Dex: 10    Spells: 4/4 levels left

rFire   . . .      SeeInvis .   a - +0 war axe (antimagic)
rCold   . . .      Faith    .   c - +0 buckler
rNeg    . . .      Spirit   .   e - +0 chain mail
rPois   .          Reflect  .   (no helmet)
rElec   .          Harm     .   (no cloak)
rCorr   .          Rampage  .   (no gloves)
Will    .....                   (no boots)
Stlth   ..........              (no amulet)
HPRegen 0.17/turn               (no ring)
MPRegen 0.07/turn               (no ring)

@: mighty
A: no striking features
a: no special abilities


You were on level 4 of the Dungeon.
You visited 1 branch of the dungeon, and saw 4 of its levels.

You collected 121 gold pieces.

Inventory:

Hand Weapons
 a - a +0 antimagic war axe (weapon)
Missiles
 f - 2 throwing nets (quivered)
Armour
 c - a +0 buckler (worn)
 e - a +0 chain mail (worn)
Jewellery
 i - an amulet of regeneration
 k - the amulet "Poadgh" {Faith Str+4 Int+4 Dex+3}
   (You acquired it on level 1 of the Dungeon)

   [amulet of faith]

   It allows you to gain divine favour quickly.
   Str:       It affects your strength (+4).
   Int:       It affects your intelligence (+4).
   Dex:       It affects your dexterity (+3).
Wands
 l - a wand of iceblast (9)
Scrolls
 b - 3 scrolls of immolation
Potions
 g - a potion of brilliance
 h - 2 potions of mutation {unknown}
 j - 3 potions of flight {unknown}
 m - a potion of berserk rage {unknown}
 n - 2 potions of curing {unknown}
 p - 2 potions of degeneration


   Skills:
 * Level 6.7 Fighting
 - Level 2.6 Axes
 - Level 3.2 Armour
 - Level 3.2 Shields


You had 4 spell levels left.
You didn't know any spells.
Your spell library contained the following spells:

 Spells                   Type           Power      Damage    Failure   Level
 Ensorcelled Hibernation  Hex/Ice        0%         N/A       100%        2
 Passwall                 Tmut/Erth      0%         N/A       100%        2
 Dazzling Flash           Conj/Hex       0%         N/A       100%        3
 Ozocubu's Armour         Ice            0%         N/A       100%        3
 Portal Projectile        Hex/Tloc       0%         N/A       100%        3
 Swiftness                Air            0%         N/A       100%        3
 Tukima's Dance           Hex            0%         N/A       100%        3
 Iskenderun's Mystic Bla  Conj/Tloc      0%         2d3       100%        4
 Blade Hands              Tmut           0%         N/A       100%        5
 Starburst                Conj/Fire      0%         6d3       100%        6
 Ozocubu's Refrigeration  Ice            0%         4d5       100%        7


Dungeon Overview and Level Annotations

Branches:
Dungeon (4/15)
 Temple: D:4-7

Altars:

Shops:
D:3 !

Annotations:
D:4 Duvessa


Message History

Duvessa freezes you. Dowan hits you with a +0 dagger.
You completely miss Dowan.
Dowan is heavily wounded.
You barely miss Duvessa.
Duvessa hits you with a +2 short sword of freezing.
Duvessa freezes you. Dowan hits you but does no damage.
You closely miss Dowan.
Dowan is moderately wounded.
You slash Duvessa!
Duvessa hits you with a +2 short sword of freezing!
Duvessa freezes you. Dowan hits you but does no damage.
You are too injured to fight recklessly!
You feel very mighty all of a sudden. Duvessa hits you but does no damage.
Dowan hits you with a +0 dagger.
You slash Dowan!
Dowan's magic leaks into the air.
Dowan is almost dead.
You hit Duvessa.
Duvessa hits you with a +2 short sword of freezing.
* * * LOW HITPOINT WARNING * * *
Duvessa freezes you.
* * * LOW HITPOINT WARNING * * *
Dowan barely misses you. Duvessa barely misses you.
Dowan hits you with a +0 dagger.
* * * LOW HITPOINT WARNING * * *
You slash Duvessa!
Duvessa is heavily wounded.
You barely miss Dowan.
Duvessa hits you with a +2 short sword of freezing.
* * * LOW HITPOINT WARNING * * *
Duvessa freezes you.
* * * LOW HITPOINT WARNING * * *
Dowan falters for a moment.
You slash Dowan!
You kill Dowan!
Duvessa weeps, and shakes her weapon.
Duvessa goes berserk!
You hit Duvessa but do no damage.
Duvessa hits you with a +2 short sword of freezing.
* * * LOW HITPOINT WARNING * * *
Duvessa freezes you.
You die...

...........#.......##
........)#....##.###..##
.........##..##...###...
.........##..###..####.#
.........##........##...
..............###...#...
/............## ##......
..............####..####
......e@$....###.#....##
......)................#
...............##.......
...................#...#
..........#.......####..
.........####....##.....
.........# #.....#.....
.........# ....(.......
.. ....#........


You could see Duvessa (berserk).

Vanquished Creatures
  Dowan (D:4)
  3 adders
  2 worms
  2 dart slugs
  7 orcs
  6 ball pythons
  4 bats
  12 endoplasms
  4 goblins
  10 hobgoblins
  3 jackals (D:3)
  A quokka (D:4)
  6 frilled lizards
  4 kobolds
  6 rats
71 creatures vanquished.

Notes
Turn   | Place    | Note
-------+----------+-------------------------------------------
     0 | D:1      | NateTC the Hill Orc Fighter began the quest for the Orb.
     0 | D:1      | Reached XP level 1. HP: 19/19 MP: 1/1
   123 | D:1      | Reached skill level 4 in Fighting
   221 | D:1      | Reached XP level 2. HP: 27/27 MP: 2/2
   901 | D:1      | Identified a scroll of acquirement
   901 | D:1      | Acquired the amulet "Poadgh" {Faith Str+4 Int+4 Dex+3}
   927 | D:2      | Reached XP level 3. HP: 35/35 MP: 1/3
  1012 | D:2      | Reached skill level 5 in Fighting
  1382 | D:2      | Reached XP level 4. HP: 43/44 MP: 1/4
  1648 | D:3      | Reached skill level 6 in Fighting
  1728 | D:3      | Found Imuhon's Distillery.
  2479 | D:4      | Reached XP level 5. HP: 44/51 MP: 1/5
  2582 | D:4      | Noticed Duvessa
  2582 | D:4      | Noticed Dowan
  2594 | D:4      | Killed Dowan
  2594 | D:4      | HP: 1/51 [Duvessa/+2 short sword of freezing (3)]
  2594 | D:4      | Slain by Duvessa

Illustrated notes

Levels and vault maps discovered:
D:1:      lightli_arrival_quake, layout_basic, minivault_11,
          chequers_serial_rivers_micro_c
D:2:      layout_basic
D:3:      layout_rooms, serial_shops, shop
D:4:      layout_cave_pools, uniq_duvessa, uniq_grinder

Skill      XL: |  1  2  3  4 |
---------------+-------------+-----
Fighting       | 4 5 6 |  6.7
Axes           | |  2.6
Armour         | |  3.2
Shields        | |  3.2

Action                   |  1- 3 |  4- 6 || total
-------------------------+-------+-------++-------
Melee: War axe           |    96 |   102 ||   198
  Use: Scroll            |     2 |     6 ||     8
       Potion            |       |     1 ||     1
Armor: Chain mail        |    65 |    64 ||   129
Dodge: Dodged            |    44 |    34 ||    78
Block: Buckler           |    25 |    20 ||    45

Table legend: (Time is in decaauts)
 A = Elapsed time spent in this place.
 B = Non-inter-level travel time spent in this place.
 C = Inter-level travel time spent in this place.
 D = Time resting spent in this place.
 E = Time spent auto-exploring this place.
 F = Levels seen in this place.
 G = Mean time per level.
                   A        B        C        D        E       F      G
               +--------+--------+--------+--------+--------+-----+--------+
         Total |   2674 |   2629 |     45 |    329 |   1537 |   4 |  668.5 |
       Dungeon |   2674 |   2629 |     45 |    329 |   1537 |   4 |  668.5 |
               +--------+--------+--------+--------+--------+-----+--------+

Top non-repeatable levels by time:
     D:1: 942 daAuts
     D:3: 732 daAuts
     D:2: 722 daAuts
     D:4: 278 daAuts
